 Dungeon Crawl Stone Soup version 0.29.1-14-g9c671dbff4 (webtiles) character file.

Game seed: 6778625277875798255

78468 MacCMillion the Wrestler (level 15, -2/156 HPs)
             Began as a Troll Fighter on Feb 20, 2023.
             Was the Champion of Wu Jian.
             Slain by a red ugly thing (23 damage)
             ... on level 14 of the Dungeon.
             The game lasted 00:52:01 (22712 turns).

MacCMillion the Wrestler (Troll Fighter)           Turns: 22712, Time: 00:52:02

Health: -2/156     AC: 11    Str: 32    XL:     15   Next: 18%
Magic:  14/14      EV: 11    Int: 10    God:    Wu Jian [******]
Gold:   2414       SH: 11    Dex:  9    Spells: 14/14 levels left

rFire   . . .      SeeInvis .     - Unarmed
rCold   . . .      Faith    .   b - +0 kite shield
rNeg    . . .      Spirit   .   u - +0 troll leather armour
rPois   +          Reflect  .   (helmet restricted)
rElec   .          Harm     .   K - +0 cloak
rCorr   .          Rampage  .   (gloves unavailable)
Will    +....                   (boots unavailable)
Stlth   +.........              f - amulet of Kimn {Regen+ Str+4}
HPRegen 2.76/turn               F - ring of poison resistance
MPRegen 0.14/turn               E - +4 ring of protection

@: studying 2 skills
A: large, unfitting armour, claws 3, regeneration 1, shaggy fur 1, tough skin 1
a: Renounce Religion, Wall Jump, Serpent's Lash, Heavenly Storm


You were on level 14 of the Dungeon.
You worshipped Wu Jian.
Wu Jian was exalted by your worship.
You visited 4 branches of the dungeon, and saw 22 of its levels.
You also visited: Gauntlet, Ice Cave and Volcano.

You collected 2622 gold pieces.
You spent 208 gold pieces at shops.

Inventory:

Missiles
 p - 12 curare-tipped darts
 q - 32 poisoned darts (quivered)
 I - 2 datura-tipped darts
 L - 10 large rocks
 V - 11 javelins
Armour
 b - a +0 kite shield (worn)
 u - a +0 troll leather armour (worn)
 J - +0 acid dragon scales
 K - a +0 cloak (worn)
 S - a scarf of invisibility
Jewellery
 f - the amulet of Kimn (around neck) {Regen+ Str+4}
   (You acquired it on level 7 of the Dungeon)

   [amulet of regeneration]

   Str:       It affects your strength (+4).
   Regen:     It increases your rate of health regeneration.
 o - a ring of ice
 w - a ring of ice
 A - a ring of see invisible
 D - an amulet of reflection
 E - a +4 ring of protection (right claw)
 F - a ring of poison resistance (left claw)
 U - an amulet of regeneration
 Z - a ring of wizardry
Wands
 v - a wand of flame (47)
 y - a wand of digging (16)
 B - a wand of mindburst (6)
 G - a wand of iceblast (14)
 Q - a wand of charming (2)
 X - a wand of polymorph (4)
Scrolls
 a - 3 scrolls of poison
 e - 5 scrolls of butterflies
 i - 4 scrolls of enchant weapon
 j - 2 scrolls of amnesia
 m - 6 scrolls of blinking
 s - 7 scrolls of immolation
 t - 4 scrolls of vulnerability
 x - 3 scrolls of fear
 H - 3 scrolls of magic mapping
 M - 2 scrolls of silence
 O - 6 scrolls of teleportation
 P - 2 scrolls of summoning
 R - a scroll of torment
Potions
 c - 5 potions of might
 d - 11 potions of curing
 g - 9 potions of heal wounds
 h - 5 potions of lignification
 k - a potion of magic
 l - 2 potions of berserk rage
 n - 10 potions of degeneration
 r - 2 potions of flight
 z - 4 potions of haste
 N - a potion of cancellation
 T - a potion of attraction
 W - a potion of brilliance
 Y - 2 potions of invisibility
Miscellaneous
 C - a condenser vane (inert)


   Skills:
 + Level 11.7 Fighting
 - Level 9.9 Dodging
 + Level 12.7 Shields
 - Level 21.1 Unarmed Combat


You had 14 spell levels left.
You didn't know any spells.
Your spell library contained the following spells:

 Spells                   Type           Power      Damage    Failure   Level
 Apportation              Tloc           0%         N/A       56%         1
 Foxfire                  Conj/Fire      0%         2x1d4     56%         1
 Freeze                   Ice            0%         1d3       56%         1
 Magic Dart               Conj           0%         1d3       56%         1
 Necrotise                Necr           0%         1d4       56%         1
 Shock                    Conj/Air       0%         1d3       56%         1
 Slow                     Hex            0%         N/A       56%         1
 Summon Small Mammal      Summ           0%         N/A       56%         1
 Call Imp                 Summ           0%         N/A       71%         2
 Poisonous Vapours        Pois/Air       0%         N/A       71%         2
 Confusing Touch          Hex            0%         N/A       91%         3
 Conjure Flame            Conj/Fire      0%         6-21      91%         3
 Frozen Ramparts          Ice            0%         1d1       91%         3
 Inner Flame              Hex/Fire       0%         N/A       91%         3
 Mephitic Cloud           Conj/Pois/Air  0%         N/A       91%         3
 Ozocubu's Armour         Ice            0%         N/A       91%         3
 Swiftness                Air            0%         N/A       91%         3
 Vampiric Draining        Necr           0%         2d6       91%         3
 Airstrike                Air            0%         2d(0-16)  100%        4
 Corpse Rot               Necr/Pois/Air  0%         N/A       100%        4
 Flame Wave               Conj/Fire      0%         2d4       100%        4
 Hailstorm                Conj/Ice       0%         3d3       100%        4
 Blade Hands              Tmut           0%         N/A       100%        5
 Fireball                 Conj/Fire      0%         3d3       100%        5
 Irradiate                Conj/Tmut      0%         3d11      100%        5
 Summon Forest            Summ/Tloc      0%         N/A       100%        5
 Summon Mana Viper        Hex/Summ       0%         N/A       100%        5
 Yara's Violent Unravell  Hex/Tmut       0%         3d3       100%        5
 Starburst                Conj/Fire      0%         6d3       100%        6
 Summon Cactus Giant      Summ           0%         N/A       100%        6
 Dragon Form              Tmut           0%         N/A       100%        7
 Enfeeble                 Hex            0%         N/A       100%        7
 Ozocubu's Refrigeration  Ice            0%         4d7       100%        7
 Ignition                 Fire           0%         3d3       100%        8


Dungeon Overview and Level Annotations

Branches:
Dungeon (14/15)            Temple (1/1) D:4            Lair (5/5) D:11
 Shoals (0/4) Lair:3       Spider (0/4) Lair:3        Slime (0/5) Lair:4
    Orc (2/2) D:10            Elf (0/3) Orc:2        Vaults (0/5) D:14
  IceCv (visited)         Volcano (visited)         Gauntlet (visited)

Altars:
Ashenzari
Cheibriados
Dithmenos
Elyvilon
Fedhas
Gozag
Hepliaklqana
Kikubaaqudgha
Makhleb
Nemelex Xobeh
Okawaru
Qazlal
Ru
Sif Muna
Trog
Uskayaw
Vehumet
Wu Jian
Xom
Yredelemnul
Zin
The Shining One

Shops:
Orc:2 :*[(

Annotations:
D:6 1 runed translucent door, Crazy Yiuf
D:7 4 runed translucent doors, exclusion: 3 doors
D:14 2 transporters, exclusion: orange crystal statue, SonOfSpiff's ghost, journeyman TrMo; ripuliukko's ghost, journeyman GrEE
Lair:5 exclusion: obsidian statue


Innate Abilities, Weirdness & Mutations

You are too large for most types of armour.
You have claws for hands.
Your natural rate of healing is unusually fast.
You are covered in fur. (AC +1)
You have tough skin. (AC +1)


Message History

The purple ugly thing barely misses you.
The red ugly thing completely misses you.
You mangle the purple ugly thing!!
The purple ugly thing is severely wounded.
You block the purple ugly thing's attack.
The red ugly thing claws you!
You are engulfed in flames!!
You claw the purple ugly thing!
The purple ugly thing is severely wounded.
You scratch the purple ugly thing but do no damage.
The purple ugly thing is severely wounded.
The purple ugly thing closely misses you.
The red ugly thing claws you.
You are engulfed in flames!!
You claw the purple ugly thing!
The purple ugly thing is almost dead.
The purple ugly thing pecks you. You block the red ugly thing's attack.
You closely miss the purple ugly thing.
The purple ugly thing is almost dead.
You barely miss the purple ugly thing.
The purple ugly thing is almost dead.
The purple ugly thing pecks you! The red ugly thing claws you!
You are engulfed in flames!
You are too injured to fight recklessly!
You are too injured to fight recklessly!
You are too injured to fight recklessly!
You claw the purple ugly thing!
You kill the purple ugly thing!
The Council accepts your kill. You block the red ugly thing's attack.
You closely miss the red ugly thing. The red ugly thing claws you.
You are engulfed in flames!
You closely miss the red ugly thing. You closely miss the red ugly thing.
The red ugly thing claws you!
You are engulfed in flames!
* * * LOW HITPOINT WARNING * * *
You mangle the red ugly thing!!
The red ugly thing is heavily wounded.
The red ugly thing claws you!
* * * LOW HITPOINT WARNING * * *
You are engulfed in flames!!
You die...

...........#.........#
.....................#
.........)..........>
##........##########
#........# .. #........# ..
#........+ .. #........# ..
#†@......###+### # ######
#u####..........
#....##...†....#..........
#....##........#..........
#....##........#..........
#....##........#..........
#....###########..........
#....###########<.........
#.....#........##'###########


You could see a red ugly thing.

Vanquished Creatures
  Rupert (D:14)
  Jorgrun (D:14)
  An orc warlord (Orc:2)
  A reaper (IceCv)
  Nessos (Lair:5)
  4 dire elephants (Lair:5)
  A boulder beetle (D:12)
  6 vault guards (D:14)
  Fannar (D:12)
  3 hydras (Lair:5)
  Erica (D:8)
  4 centaur warriors
  A catoblepas (Lair:4)
  2 death yaks (Lair:5)
  5 two-headed ogres
  Urug (Lair:5)
  A spectral dire elephant (Lair:5)
  4 orc high priests (Orc:2)
  Nergalle (D:11)
  Sonja (D:11)
  A spectral anaconda (Lair:5)
  4 necromancers (Lair:5)
  3 orc knights (Orc:2)
  3 orc sorcerers (Orc:2)
  8 ugly things
  A cyclops (Orc:1)
  3 black mambas
  19 elephants
  An ice statue (IceCv)
  3 cane toads
  A torpor snail (Lair:4)
  A gargoyle (D:13)
  9 komodo dragons
  6 unseen horror zombies (D:9)
  An unseen horror (D:11)
  2 tengu conjurers (D:13)
  2 rime drakes
  A freezing wraith (IceCv)
  5 trolls
  2 polar bears
  13 blink frogs
  3 slime creatures (Lair:4)
  2 culicivoras (Lair:3)
  A vampire (D:10)
  A snapping turtle (Lair:3)
  5 jumping spiders (Lair:3)
  Sigmund (D:2)
  2 wraiths
  A yak (shapeshifter) (D:14)
  28 yaks
  A shadow (D:10)
  A human (D:11)
  5 basilisks
  Eustachio (D:6)
  5 wyverns
  3 hogs (D:11)
  A redback (Lair:3)
  3 death yak simulacra
  2 spectral cane toads (Lair:5)
  7 vampire mosquitoes
  2 wargs
  Menkaure (D:4)
  An acid dragon (D:11)
  A hydra simulacrum (IceCv)
  12 water moccasins
  A sky beast (D:7)
  6 black bears
  An elephant zombie (Lair:5)
  37 orc warriors
  An ice beast (D:5)
  5 ogres
  22 centaurs
  An elephant skeleton (Lair:5)
  4 wolves
  A phantom (D:4)
  9 bullfrogs
  4 kobold brigands
  2 necrophages
  2 gnoll sergeants (D:6)
  4 cane toad simulacra
  3 two-headed ogre simulacra (IceCv)
  3 scorpions
  14 wights
  12 killer bees
  7 elephant simulacra
  5 howler monkeys
  2 electric eels
  2 centaur zombies (D:9)
  2 hounds
  22 orc priests
  2 jellies
  Jessica (D:2)
  6 iguanas
  25 orc wizards
  4 hell rats (Lair:1)
  4 troll simulacra (IceCv)
  2 polar bear simulacra (IceCv)
  9 spriggan simulacra (IceCv)
  2 wolf simulacra (IceCv)
  Robin (D:1)
  A howler monkey zombie (D:9)
  11 gnolls
  3 naga simulacra (IceCv)
  5 adders
  A shadow imp (D:7)
  20 white imps
  7 ufetubi
  2 worms
  A dart slug (D:1)
  79 orcs
  4 endoplasms
  5 giant cockroaches
  12 hobgoblins
  6 jackals
  18 kobolds
  3 quokkas
  6 ball pythons
  6 bats
  3 frilled lizards
  13 goblins
  4 rats
658 creatures vanquished.

Vanquished Creatures (others)
  A human (D:3)
  2 bushes (Lair:5)
  2 demonic plants (Gauntlet)
  29 fungi
  50 plants
  30 withered plants (Lair:5)
114 creatures vanquished.

Grand Total: 772 creatures vanquished

Notes
Turn   | Place    | Note
-------+----------+-------------------------------------------
     0 | D:1      | MacCMillion the Troll Fighter began the quest for the Orb.
     0 | D:1      | Reached XP level 1. HP: 22/22 MP: 0/0
   135 | D:1      | Reached XP level 2. HP: 29/29 MP: 1/1
   322 | D:1      | Found a faded altar of an unknown god.
   461 | D:1      | Reached skill level 3 in Unarmed Combat
   461 | D:1      | Reached XP level 3. HP: 35/36 MP: 2/2
   767 | D:2      | Noticed Sigmund
  1173 | D:2      | Noticed Robin
  1212 | D:1      | Killed Robin
  1436 | D:2      | Reached XP level 4. HP: 44/44 MP: 3/3
  1438 | D:2      | Noticed Jessica
  1448 | D:2      | Killed Jessica
  1695 | D:3      | Found a hazy altar of Hepliaklqana.
  2142 | D:3      | Found an ancient bone altar of Kikubaaqudgha.
  2147 | D:3      | Noticed a human
  2148 | D:3      | Killed a human
  2462 | D:4      | Found a staircase to the Ecumenical Temple.
  2470 | D:4      | Reached skill level 4 in Unarmed Combat
  2470 | D:4      | Reached XP level 5. HP: 45/53 MP: 4/4
  2475 | Temple   | Entered the Ecumenical Temple
  2685 | Temple   | Became a worshipper of the Wu Jian Council
  2710 | D:4      | Noticed a phantom
  2722 | D:4      | Killed a phantom
  2832 | D:4      | Reached XP level 6. HP: 61/61 MP: 5/5
  3116 | D:4      | Reached skill level 5 in Unarmed Combat
  3437 | D:4      | Reached XP level 7. HP: 58/68 MP: 6/6
  3500 | D:5      | Entered Level 5 of the Dungeon
  3500 | D:5      | Noticed Menkaure
  3508 | D:4      | Killed Menkaure
  3520 | D:4      | Reached skill level 6 in Unarmed Combat
  3622 | D:5      | Reached * piety under Wu Jian
  3776 | D:5      | Identified the +6 scale mail "Vigudghu" {Rampage}
  3832 | D:5      | Reached XP level 8. HP: 58/78 MP: 7/7
  3839 | D:5      | Reached skill level 5 in Shields
  3924 | D:5      | Reached skill level 7 in Unarmed Combat
  4182 | D:6      | Noticed Eustachio
  4185 | D:6      | Killed Eustachio
  4253 | D:6      | Found a bloodstained altar of Trog.
  4260 | D:6      | Noticed a troll
  4263 | D:6      | Reached skill level 5 in Fighting
  4452 | D:2      | Killed Sigmund
  4453 | D:2      | Reached skill level 8 in Unarmed Combat
  5224 | D:6      | Killed a troll
  5395 | D:6      | Found a sacrificial altar of Ru.
  5426 | D:6      | Found a runed translucent door.
  5427 | D:6      | Noticed Crazy Yiuf
  5666 | D:6      | Reached XP level 9. HP: 85/88 MP: 8/8
  5684 | D:6      | Found a shimmering blue altar of Sif Muna.
  6126 | D:6      | Reached skill level 9 in Unarmed Combat
  6329 | D:7      | Found a shimmering altar of Xom.
  6647 | D:7      | Identified 4 scrolls of acquirement
  6647 | D:7      | Acquired a manual of Unarmed Combat
  6649 | D:7      | Acquired 651 gold pieces
  6650 | D:7      | Acquired a manual of Unarmed Combat
  6651 | D:7      | Acquired the amulet of Kimn {Regen+ Str+4}
  6684 | D:7      | Reached ** piety under Wu Jian
  6952 | D:7      | Found a huge runed translucent gate.
  6952 | D:7      | Found a huge runed translucent gate.
  6952 | D:7      | Found a huge runed translucent gate.
  6952 | D:7      | Found a huge runed translucent gate.
  6952 | D:7      | Noticed a polar bear
  6952 | D:7      | Noticed a polar bear
  6952 | D:7      | Noticed a polar bear
  6952 | D:7      | Noticed a polar bear
  6953 | D:7      | Noticed a polar bear
  6978 | D:7      | Reached skill level 10 in Unarmed Combat
  7037 | D:7      | Found a burning altar of Makhleb.
  7834 | D:8      | Reached XP level 10. HP: 98/98 MP: 9/9
  8355 | D:8      | Reached *** piety under Wu Jian
  8393 | D:8      | Reached skill level 11 in Unarmed Combat
  8419 | D:8      | Noticed Erica
  8426 | D:8      | Killed Erica
  8636 | D:9      | Reached skill level 12 in Unarmed Combat
  8745 | D:9      | Found a basalt altar of Yredelemnul.
  8762 | D:9      | Reached skill level 5 in Dodging
  8773 | D:9      | Reached skill level 13 in Unarmed Combat
  8882 | D:9      | Found a white marble altar of Elyvilon.
  8882 | D:9      | Found a glowing golden altar of the Shining One.
  8886 | D:9      | Found a glowing silver altar of Zin.
  9058 | D:9      | Reached XP level 11. HP: 108/108 MP: 10/10
  9198 | D:9      | Noticed a two-headed ogre
  9204 | D:9      | Noticed a four-headed hydra
  9204 | D:9      | Noticed a death knight
  9387 | D:9      | Reached **** piety under Wu Jian
  9410 | D:9      | Found an opulent altar of Gozag.
  9469 | D:10     | Entered Level 10 of the Dungeon
  9732 | D:10     | Found a staircase to the Orcish Mines.
 10003 | D:10     | Noticed a two-headed ogre
 10025 | D:10     | Reached skill level 14 in Unarmed Combat
 10031 | D:9      | Found a bloodstained altar of Trog.
 10038 | D:9      | Killed a two-headed ogre
 10041 | D:9      | Acquired a manual of Unarmed Combat
 10186 | D:10     | Killed a two-headed ogre
 10497 | D:11     | Noticed a two-headed ogre
 10503 | D:11     | Noticed Nergalle
 10508 | D:11     | Killed a two-headed ogre
 10640 | D:11     | Killed Nergalle
 10685 | D:11     | Noticed a brown ugly thing
 10690 | D:11     | Noticed a two-headed ogre
 10699 | D:11     | Killed a brown ugly thing
 10700 | D:11     | Reached skill level 15 in Unarmed Combat
 10752 | D:11     | Noticed Sonja
 10756 | D:11     | Killed Sonja
 10766 | D:11     | Noticed a centaur warrior
 10772 | D:11     | Killed a centaur warrior
 10811 | D:11     | Found a gate leading to a gauntlet.
 10817 | Gauntlet | Entered a Gauntlet
 10817 | Gauntlet | Found a large runed translucent door.
 10817 | Gauntlet | Found a large runed translucent door.
 10817 | Gauntlet | Found a large runed translucent door.
 10817 | Gauntlet | Found a large runed translucent door.
 10817 | Gauntlet | Found a large runed translucent door.
 10817 | Gauntlet | Found a large runed translucent door.
 10817 | Gauntlet | Found a runed translucent door.
 10817 | Gauntlet | Found a transporter.
 10817 | Gauntlet | Found a transporter.
 10817 | Gauntlet | Found a runed translucent door.
 10817 | Gauntlet | Found a large runed translucent door.
 10817 | Gauntlet | Found a large runed translucent door.
 10817 | Gauntlet | Found a large runed translucent door.
 10817 | Gauntlet | Found a large runed translucent door.
 10817 | Gauntlet | Found a large runed translucent door.
 10817 | Gauntlet | Found a large runed translucent door.
 10821 | Gauntlet | Found a transporter.
 10821 | Gauntlet | Found a transporter.
 10822 | Gauntlet | Found a large runed translucent door.
 10822 | Gauntlet | Found a large runed translucent door.
 10822 | Gauntlet | Found a large runed translucent door.
 10822 | Gauntlet | Found a large runed translucent door.
 10826 | Gauntlet | Found a runed translucent gate.
 10826 | Gauntlet | Found a runed translucent gate.
 10826 | Gauntlet | Found a runed translucent gate.
 10837 | Gauntlet | Found a transporter.
 10838 | Gauntlet | Noticed an obsidian statue
 10841 | Gauntlet | Found a transporter.
 10841 | Gauntlet | Found a transporter.
 10841 | Gauntlet | Noticed a white ugly thing
 10841 | Gauntlet | Noticed a red ugly thing
 10843 | Gauntlet | Noticed a great orb of eyes
 10865 | Gauntlet | Found a transporter.
 10872 | Gauntlet | Found a transporter.
 10884 | Gauntlet | Found a transporter.
 10904 | Gauntlet | Found a transporter.
 10914 | Gauntlet | Found a transporter.
 10919 | Gauntlet | Noticed a hell hog
 10960 | Gauntlet | Found a transporter.
 10975 | Gauntlet | Noticed an orange crystal statue
 10976 | Gauntlet | Found a transporter.
 11074 | Gauntlet | Found a transporter.
 11090 | Gauntlet | Found a transporter.
 11216 | D:11     | Identified the +0 chain mail of Okawaru's Respect {Fly}
 11257 | D:11     | Killed a two-headed ogre
 11277 | D:11     | Reached XP level 12. HP: 114/120 MP: 11/11
 11509 | D:11     | Reached skill level 16 in Unarmed Combat
 11540 | D:11     | Found a staircase to the Lair.
 11797 | Lair:1   | Entered Level 1 of the Lair of Beasts
 11834 | Lair:1   | Reached ***** piety under Wu Jian
 12720 | Lair:2   | Found a dark tunnel.
 12786 | Volcano  | Entered a volcano
 12802 | Volcano  | Noticed a centaur warrior
 13741 | Lair:3   | Reached skill level 17 in Unarmed Combat
 13873 | Lair:3   | Found a hole to the Spider Nest.
 14184 | Lair:3   | Reached skill level 18 in Unarmed Combat
 14260 | Lair:3   | Reached skill level 10 in Shields
 14260 | Lair:3   | Reached XP level 13. HP: 131/131 MP: 12/12
 14271 | Lair:3   | Found a staircase to the Shoals.
 14932 | Lair:4   | Found a staircase to the Slime Pits.
 15644 | Lair:5   | Entered Level 5 of the Lair of Beasts
 15823 | Lair:5   | Noticed a dire elephant
 15823 | Lair:5   | Noticed a dire elephant
 15841 | Lair:5   | Noticed Nessos
 15842 | Lair:5   | Noticed Urug
 16152 | Lair:5   | Killed Nessos
 16183 | Lair:5   | Reached skill level 19 in Unarmed Combat
 17032 | Lair:5   | Killed Urug
 17165 | Lair:5   | Noticed a dire elephant
 17182 | Lair:5   | Killed a dire elephant
 17244 | Lair:5   | Noticed a dire elephant
 17266 | Lair:5   | Killed a dire elephant
 17589 | Lair:5   | Reached skill level 20 in Unarmed Combat
 17600 | Lair:5   | Reached skill level 10 in Fighting
 17671 | Lair:5   | Reached XP level 14. HP: 86/143 MP: 13/13
 18273 | Lair:5   | Identified the +1 pair of gloves of Ahot {rF+}
 18578 | Orc:1    | Entered Level 1 of the Orcish Mines
 18731 | Orc:2    | Entered Level 2 of the Orcish Mines
 19157 | Orc:2    | Noticed an orc warlord
 19169 | Orc:2    | Reached skill level 21 in Unarmed Combat
 19180 | Orc:2    | Reached ****** piety under Wu Jian
 19191 | Orc:2    | Killed an orc warlord
 19226 | Orc:2    | Found Katyhiep's General Store.
 19227 | Orc:2    | Found Buadau's Book Shop.
 19255 | Orc:2    | Found Ducvatul's Antique Armour Shop.
 19256 | Orc:2    | Found Wual's Antique Weapon Boutique.
 19272 | Orc:2    | Bought an embroidered scarf for 208 gold pieces
 19379 | Orc:2    | Found a staircase to the Elven Halls.
 19916 | D:12     | Found a frozen archway.
 19943 | IceCv    | Entered an ice cave
 20425 | IceCv    | Noticed a reaper
 20464 | IceCv    | Killed a reaper
 20963 | IceCv    | Identified the +8 plate armour of Zin {Harm}
 21094 | D:12     | Found a shadowy altar of Dithmenos.
 21121 | D:12     | You fall into a shaft and drop 1 floor!
 21208 | D:12     | Noticed Fannar
 21217 | D:12     | Killed Fannar
 22002 | D:14     | Found a transporter.
 22004 | D:14     | Identified the ring of Mistrust {Will+ Int+7}
 22004 | D:14     | Noticed ripuliukko's ghost (journeyman GrEE)
 22046 | D:14     | Noticed SonOfSpiff's ghost (journeyman TrMo)
 22086 | D:14     | Found a transporter.
 22096 | D:14     | Noticed Jorgrun
 22109 | D:14     | Killed Jorgrun
 22177 | D:14     | Found a gate to the Vaults.
 22447 | D:14     | Reached XP level 15. HP: 144/154 MP: 14/14
 22525 | D:14     | Found a broken altar of Ashenzari.
 22643 | D:14     | Noticed Rupert
 22654 | D:14     | Killed Rupert
 22712 | D:14     | Slain by a red ugly thing

Illustrated notes

Levels and vault maps discovered:
D:1:      dpeg_arrival_morbid_curiosity, layout_basic,
          ebering_ecumenical_altar_abandoned
D:2:      layout_basic, serial_bayou_pond_a, uniq_jessica, uniq_robin,
          uniq_sigmund
D:3:      layout_loops_ring, tgw_kikubaaqudgha,
          nicolae_hepliaklqana_hippocampus, minmay_pentangle
D:4:      layout_loops_corners, temple_fountains
D:5:      layout_cave_pools, uniq_menkaure
D:6:      layout_loops_ring, lemuel_blue_sif_altar, lemuel_crystal_altar,
          nicolae_ru_path_of_blood, uniq_eustachio, uniq_crazy_yiuf_cottage
D:7:      lemuel_bear_cage, layout_basic, kennysheep_mini, bloody_makhleb,
          serial_park_tiny_1
D:8:      layout_loops_corners, minmay_misc_feat_iff, blue_anna_alchemist,
          uniq_erica
D:9:      layout_basic, good_gods_mini_temple, nicolae_yredelemnul_corpse_copse,
          grunt_gozag_statues, minmay_ruined_shrine
D:10:     layout_irregular_city, david_orc_3, nicolae_benzene_ring
D:11:     layout_cave_pools, erik_lair_dragon, gauntlet_entry_generic,
          grunt_livestock, uniq_sonja, uniq_nergalle
D:12:     layout_cave_pools, portal_ice_cave_entry_imps,
          grunt_dithmenos_smoke_and_mirrors, uniq_fannar
D:13:     layout_loops_ring, lemuel_old_faithful
D:14:     layout_stronghold, erik_vaults_2, nzn_ghost_randoct,
          evilmike_ruin_ashenzari, uniq_jorgrun, uniq_rupert
Temple:   nicolae_temple_bog_church
Lair:1:   layout_regular_city, grunt_megastairs_3
Lair:2:   layout_layer_cave, nicolae_volcano_entry_two_sided, grunt_megastairs_2
Lair:3:   layout_cellular_growth, minmay_shoals_entry_hut,
          nicolae_spider_entry_tight_spaces, grunt_forest_small_clearing_treed,
          infiniplex_staircase_pool
Lair:4:   layout_regular_city, minmay_slime_entry_pillars, wad_woods_river_01
Lair:5:   due_jungle_book, layout_misc_corridors, serial_bayou_shore_a,
          serial_bayou_shore_b, grunt_megastairs_4, infiniplex_staircase_pool_2,
          serial_bayou_shore_b, uniq_urug, uniq_nessos
Orc:1:    layout_caves, basic_altar
Orc:2:    st_orc_congregation, layout_diamond_mine, basic_altar

Skill      XL: |  1  2  3  4  5  6  7  8  9 10 11 12 13 14 |
---------------+-------------------------------------------+-----
Shields        | 3 4 6 7 8 10 12 | 12.7
Unarmed Combat | 3 4 5 6 8 10 13 15 18 20 21 | 21.1
Fighting       | 3 4 5 6 7 8 9 10 11 | 11.7
Dodging        | 3 5 6 7 8 9 |  9.9

Action                   |  1- 3 |  4- 6 |  7- 9 | 10-12 | 13-15 || total
-------------------------+-------+-------+-------+-------+-------++-------
Melee: Unarmed           |   105 |   121 |   279 |   549 |   916 ||  1970
Throw: Dart              |       |       |     8 |     7 |       ||    15
Invok: Lunge             |       |     4 |    39 |    59 |    93 ||   195
       Whirlwind         |       |       |     6 |    58 |   174 ||   238
       Serpent's Lash    |       |       |       |       |     5 ||     5
       Heavenly Storm    |       |       |       |       |     2 ||     2
Evoke: Wand              |       |       |       |     3 |       ||     3
       Condenser vane    |       |       |       |       |     1 ||     1
  Use: Scroll            |       |       |    19 |     7 |     5 ||    31
       Potion            |       |       |     1 |     1 |     2 ||     4
Armor: Robe              |    51 |       |       |       |       ||    51
       Animal skin       |     5 |    20 |    24 |       |       ||    49
       Troll leather arm |       |       |    35 |   149 |   162 ||   346
       Skin              |       |       |    14 |       |       ||    14
Dodge: Dodged            |    44 |    21 |    86 |   177 |   250 ||   578
Block: Kite shield       |    45 |    41 |    92 |   192 |   294 ||   664
